 Dungeon Crawl Stone Soup version 0.26-a0-264-g3a471323bd (webtiles) character file.

Game seed: 16363637544971213472

67 BritishOli the Skirmisher (level 4, 35/35 HPs)
             Began as a Demonspawn Fighter on July 11, 2020.
             Quit the game on level 2 of the Dungeon.
             The game lasted 00:01:40 (2012 turns).

BritishOli the Skirmisher (Demonspawn Fighter)      Turns: 2012, Time: 00:01:41

Health: 35/35      AC:  8    Str: 17    XL:     4   Next: 0%
Magic:  4/4        EV:  7    Int:  9    God:
Gold:   53         SH:  9    Dex: 13    Spells: 3/3 levels left

rFire    . . .     SeeInvis .   a - +0 long sword
rCold    . . .     Faith    .   c - +0 kite shield
rNeg     . . .     Spirit   .   b - +0 scale mail
rPois    .         Reflect  .   (helmet restricted)
rElec    .         Harm     .   q - +0 cloak
rCorr    .                      (no gloves)
MR       .....                  (no boots)
Stlth    +.........             (no amulet)
HPRegen  0.11/turn              (no ring)
MPRegen  0.09/turn              (no ring)

@: no status effects
A: antennae 1, nightstalker 1
a: no special abilities


You were on level 2 of the Dungeon.
You were not hungry.

You visited 1 branch of the dungeon, and saw 2 of its levels.

You collected 53 gold pieces.

Inventory:

Hand Weapons
 a - a +0 long sword (weapon)
Missiles
 s - a throwing net (quivered)
Armour
 b - a +0 scale mail (worn)
 c - a +0 kite shield (worn)
 q - a +0 cloak (worn)
Scrolls
 e - a scroll of immolation {unknown}
 i - a scroll of teleportation {unknown}
 j - a scroll of remove curse {unknown}
 k - a scroll of identify {unknown}
 l - a scroll of amnesia {unknown}
 m - a scroll of magic mapping {unknown}
 n - a scroll of enchant armour {unknown}
Potions
 d - 2 potions of might
 g - a potion of heal wounds {unknown}
 h - a potion of haste {unknown}
 o - a potion of stabbing {unknown}
 p - a potion of flight {unknown}
 r - a potion of curing {unknown}
Comestibles
 f - 7 rations


   Skills:
 + Level 3.4 Fighting
 * Level 2.6 Long Blades
 * Level 3.3 Armour
 + Level 3.0 Shields


You had 3 spell levels left.
You didn't know any spells.
Your spell library was empty.

Dungeon Overview and Level Annotations

Branches:
Dungeon (2/15)

Altars:
Ru
Xom
Zin
The Shining One


Innate Abilities, Weirdness & Mutations

You have a pair of small antennae on your head.
You are slightly more attuned to the shadows.


Message History

You open the door.
There is an open door here.
You open the door.
A rat comes into view.
Found a scroll labeled BUUXZA JAATOAX and a scroll labeled LUME IFUAG.
A rat is nearby!
A bat and a goblin come into view.
You block the bat's attack.
There is an open door here.
There are monsters nearby!
The bat hits you but does no damage. You block the bat's attack.
Found 7 stones.
There are monsters nearby!
You hit the bat.
You kill the bat!
You have reached level 4!
You feel agile.
Your demonic ancestry asserts itself...
You slip into the darkness of the dungeon.
The goblin hits you but does no damage.
Are you sure you want to abandon this character and quit the game? (Confirm with "yes".)

######### ##### (.......#
#...### ........# #.#.#.#
..?.....# ###.#.#.#
....?..g###...#...#
......r@'.#.###...#
......†.#.#..##...#
######+##.##.#....#
#.##....####.#
############.####### #.####
#.........##.##.#### #....#
#.........##.##....# ####.#
#.........##.##.##.#######.###
#.........##>.................


You could see a goblin and a rat.

Vanquished Creatures
  An adder (D:2)
  2 worms (D:2)
  A dart slug (D:1)
  A leopard gecko (D:1)
  6 bats
  6 goblins
  9 hobgoblins
  4 jackals (D:2)
  8 kobolds
  A quokka (D:2)
  A ball python (D:1)
  4 frilled lizards
  2 rats (D:2)
46 creatures vanquished.

Notes
Turn   | Place    | Note
-------+----------+-------------------------------------------
     0 | D:1      | BritishOli the Demonspawn Fighter began the quest for the
                  | Orb.
     0 | D:1      | Reached XP level 1. HP: 18/18 MP: 1/1
   436 | D:1      | Gained mutation: You have a pair of small antennae on your
                  | head. [demonic ancestry]
   436 | D:1      | Reached XP level 2. HP: 23/24 MP: 2/2
  1058 | D:2      | Found a glowing golden altar of the Shining One.
  1228 | D:2      | Reached XP level 3. HP: 22/29 MP: 3/3
  1760 | D:2      | Found a glowing silver altar of Zin.
  1763 | D:2      | Noticed an angel
  1796 | D:2      | Found a shimmering altar of Xom.
  1833 | D:2      | Found a sacrificial altar of Ru.
  2011 | D:2      | Gained mutation: You are slightly more attuned to the
                  | shadows. [demonic ancestry]
  2011 | D:2      | Reached XP level 4. HP: 35/35 MP: 4/4
  2012 | D:2      | Quit the game

Illustrated notes

Levels and vault maps discovered:
D:1:      onia_arrival_pentagram, layout_loops_ring, serial_forest,
          infiniplex_forest_straight_3, infiniplex_forest_lined_2,
          infiniplex_forest_straight_2, infiniplex_forest_straight_3,
          infiniplex_forest_clump_large, infiniplex_forest_straight_2,
          infiniplex_forest_corner_1, infiniplex_forest_corner_1,
          infiniplex_forest_zigzag_1
D:2:      layout_basic, grunt_temple_overflow_order_and_chaos_1, tso_metal_star,
          marbit_many_paths, uniq_jessica

Skill      XL: |  1  2  3 |
---------------+----------+-----
Long Blades    | 2 |  2.6
Armour         | 3 |  3.3
Shields        | 3 |  3.0
Fighting       | |  3.4

Action                   |  1- 3 |  4- 6 || total
-------------------------+-------+-------++-------
Melee: Long sword        |   195 |       ||   195
  Eat: Ration            |     1 |       ||     1
Armor: Scale mail        |    96 |     1 ||    97
Dodge: Dodged            |    74 |       ||    74
Block: Kite shield       |   110 |       ||   110
       Rpst.: Long sword |    27 |       ||    27

Table legend:
 A = Non-vault XP
 B = Vault XP
 C = Vault XP percentage of total XP
 D = Non-vault monster count
 E = Vault monster count
 F = Vault count percentage of total count
                 A         B        C        D         E       F
            +---------+---------+-------+---------+---------+-------
      Total |      96 |       1 |   1.0 |      45 |       1 |   2.2
            +---------+---------+-------+---------+---------+-------
        D:1 |      27 |       0 |   0.0 |      15 |       0 |   0.0
        D:2 |      69 |       1 |   1.4 |      30 |       1 |   3.2
            +---------+---------+-------+---------+---------+-------
